 Dungeon Crawl Stone Soup version 0.23-a0-650-ga4d50d4 (webtiles) character file.

71 GroovyGamera the Shield-Bearer (level 4, -4/29 HPs)
             Began as a Gargoyle Fighter on Jan 2, 2019.
             Slain by Crazy Yiuf
             ... wielding a +3 quarterstaff of chaos
              (11 damage)
             ... on level 3 of the Dungeon.
             The game lasted 00:02:33 (1524 turns).

GroovyGamera the Shield-Bearer (Gargoyle Fighter)   Turns: 1524, Time: 00:02:34

Health: -4/29      AC: 11    Str: 25    XL:     4   Next: 24%
Magic:  4/4        EV:  7    Int:  9    God:
Gold:   169        SH: 10    Dex:  9    Spells: 3/3 levels left

rFire    . . .     SeeInvis .   a - +0 war axe
rCold    . . .     Gourm    .   c - +0 shield
rNeg     + . .     Faith    .   b - +0 scale mail
rPois    ∞         Spirit   .   (no helmet)
rElec    +         Reflect  .   (no cloak)
rCorr    .         Harm     .   x - +0 pair of gloves
MR       .....                  (no boots)
Stlth    ..........             (no amulet)
HPRegen  0.09/turn              (no ring)
MPRegen  0.09/turn              (no ring)

@: mighty
A: negative energy resistance 1, electricity resistance, unbreathing,
petrification resistance, rot immunity, AC +3
a: no special abilities


You were on level 3 of the Dungeon.
You were not hungry.

You visited 1 branch of the dungeon, and saw 3 of its levels.

You collected 169 gold pieces.

Inventory:

Hand Weapons
 a - a +0 war axe (weapon)
 t - a +0 mace of holy wrath
 u - a +2 mace of venom
 v - a +2 mace of holy wrath
 w - a +1 mace of venom
Armour
 b - a +0 scale mail (worn)
 c - a +0 shield (worn)
 x - a +0 pair of gloves (worn)
Jewellery
 n - a cursed ring of attention {unknown}
 q - an uncursed ring of ice {unknown}
Scrolls
 h - a scroll of identify {unknown}
 i - 2 scrolls of immolation {unknown}
 k - 2 scrolls of teleportation {unknown}
 l - 3 scrolls of magic mapping {unknown}
 m - 2 scrolls of remove curse {unknown}
 r - a scroll of random uselessness {unknown}
 s - a scroll of blinking {unknown}
Potions
 d - a potion of might
 e - a potion of curing {unknown}
 g - a potion of brilliance {unknown}
 j - 4 potions of degeneration {unknown}
 o - a potion of magic {unknown}
Comestibles
 f - 2 rations
 p - 5 chunks of flesh


   Skills:
 + Level 4.1 Fighting
 - Level 1.7 Axes
 + Level 4.1 Armour
 + Level 4.1 Shields


You had 3 spell levels left.
You didn't know any spells.
Your spell library was empty.

Dungeon Overview and Level Annotations

Branches:
Dungeon (3/15)

Altars:

Annotations:
D:3 Crazy Yiuf


Innate Abilities, Weirdness & Mutations

You are resistant to torment.
Your stone body is resilient. (AC +3)
You are immune to poison.
You resist negative energy. (rN+)
You are resistant to electric shocks. (rElec)
You can survive without breathing.
You are immune to petrification.
You are immune to rotting.


Message History

Crazy Yiuf the Enlightened comes into view.
He is wielding a +3 quarterstaff of Crazy Yiuf shouts!
Found a mace.
Crazy Yiuf says, "Candle!
Goldfish tired bag."
There is an open door here.
You barely miss Crazy Yiuf.
Crazy Yiuf hits you with a +3 quarterstaff of chaos!
Crazy Yiuf burns you.
You barely miss Crazy Yiuf. Crazy Yiuf barely misses you.
Crazy Yiuf hits you with a +3 quarterstaff of chaos.
Crazy Yiuf burns you.
* * * LOW HITPOINT WARNING * * *
You feel very mighty all of a sudden.
Crazy Yiuf grits, "Goldfish senile aubergine!"
Crazy Yiuf completely misses you.
You closely miss Crazy Yiuf. You block Crazy Yiuf's attack.
You closely miss Crazy Yiuf.
Crazy Yiuf says, "Paint!
Tosser action bush."
Crazy Yiuf hits you with a +3 quarterstaff of chaos!
You die...

.......##.#
.......##.#.#(
..###.........
.......#######
..###..# .......#
.......##♣♣ ####
.####.))))♣♣ ♣♣#..)#
........)))♣♣♣♣.@g..#
#####..).)..♣..♣#...#
#.#))).♣.♣♣♣ ####
....##♣♣♣♣♣ #...##
#...# #.... ......
......


You could see Crazy Yiuf.

Vanquished Creatures
  Terence (D:2)
  An ooze (D:1)
  4 leopard geckos
  4 orcs (D:3)
  2 bats (D:3)
  A giant cockroach (D:1)
  5 goblins
  5 hobgoblins
  A kobold (D:1)
  2 quokkas (D:2)
  2 frilled lizards (D:1)
  A leopard gecko skeleton (D:2)
  A rat (D:1)
30 creatures vanquished.

Notes
Turn   | Place    | Note
-------+----------+-------------------------------------------
     0 | D:1      | GroovyGamera the Gargoyle Fighter began the quest for the
                  | Orb.
     0 | D:1      | Reached XP level 1. HP: 14/14 MP: 1/1
    89 | D:1      | Reached XP level 2. HP: 19/19 MP: 2/2
   905 | D:2      | Reached XP level 3. HP: 22/24 MP: 3/3
  1216 | D:2      | Noticed Terence
  1231 | D:2      | Killed Terence
  1360 | D:3      | Reached XP level 4. HP: 29/29 MP: 4/4
  1514 | D:3      | Found a runed door.
  1518 | D:3      | Noticed Crazy Yiuf
  1524 | D:3      | Slain by Crazy Yiuf

Vault maps used:
D:1:      minmay_arrival_stone_box
D:2:      uniq_terence
D:3:      old_standard_altar, first_ration, corexii_leaking_fountain,
          uniq_crazy_yiuf_cottage

Skill      XL: |  1  2  3 |
---------------+----------+-----
Fighting       | 4 |  4.1
Armour         | 4 |  4.1
Shields        | 4 |  4.1
Axes           | |  1.7

Action                   |  1- 3 |  4- 6 || total
-------------------------+-------+-------++-------
Melee: War axe           |    95 |    30 ||   125
  Use: Potion            |       |     1 ||     1
  Eat: Chunk             |     2 |       ||     2
Armor: Scale mail        |    46 |    24 ||    70
Dodge: Dodged            |    31 |    22 ||    53
Block: Shield            |    65 |    29 ||    94

Table legend:
 A = Non-vault XP
 B = Vault XP
 C = Vault XP percentage of total XP
 D = Non-vault monster count
 E = Vault monster count
 F = Vault count percentage of total count
                 A         B        C        D         E       F
            +---------+---------+-------+---------+---------+-------
      Total |      66 |      36 |  35.3 |      29 |       1 |   3.3
            +---------+---------+-------+---------+---------+-------
        D:1 |      31 |       0 |   0.0 |      13 |       0 |   0.0
        D:2 |      13 |      36 |  73.5 |       7 |       1 |  12.5
        D:3 |      22 |       0 |   0.0 |       9 |       0 |   0.0
            +---------+---------+-------+---------+---------+-------
